 Dungeon Crawl Stone Soup version 0.18.1-50-g88ac8fd (webtiles) character file.

31 Kokiki the Sneak (level 3, -3/16 HPs)
             Began as a Vine Stalker Enchanter on Sept 17, 2016.
             Killed by nerve-wracking pain
             ... invoked by Jessica
              (5 damage)
             ... on level 2 of the Dungeon.
             The game lasted 00:05:45 (757 turns).

Kokiki the Sneak (Vine Stalker Enchanter)            Turns: 757, Time: 00:05:46

Health: -3/16      AC:  3    Str: 10    XL:     3   Next: 22%
Magic:  0/7        EV: 12    Int: 15    God:
Gold:   114        SH:  0    Dex: 15    Spells: 3 memorised, 0 levels left

rFire  . . .     SeeInvis .     a - +2 dagger
rCold  . . .     Gourm    .     b - +1 robe
rNeg   . . .     Faith    .     (no shield)
rPois  .         Spirit   +     (no helmet)
rElec  .         Dismiss  .     (no cloak)
rCorr  .         Reflect  .     (no gloves)
SustAt .         Harm     .     (no boots)
MR     .....                    (no amulet)
Stlth  +++.......               (no ring)
                                (no ring)

@: not resistant to hostile enchantments, fairly stealthy
A: fangs 2, regeneration 1, magic shield, antimagic bite, no device heal 3, rot
immunity
a: no special abilities


You were on level 2 of the Dungeon.
You were not hungry.

You visited 1 branch of the dungeon, and saw 2 of its levels.

You collected 114 gold pieces.

Inventory:

Hand Weapons
 a - a +2 dagger (weapon)
Armour
 b - a +1 robe (worn)
Scrolls
 i - a scroll of remove curse
Potions
 e - a potion of lignification {unknown}
 h - 2 potions of curing {unknown}
 k - a potion of berserk rage {unknown}
Books
 c - a book of Maledictions

   Spells                             Type                      Level
   a - Corona                         Hexes                        1
   b - Ensorcelled Hibernation        Hexes/Ice                    2
   c - Confuse                        Hexes                        3
   d - Tukima's Dance                 Hexes                        3
   e - Dazzling Spray                 Conjuration/Hexes            3
Comestibles
 d - a bread ration
 f - a meat ration
 g - 2 slices of pizza


   Skills:
 + Level 0.1 Fighting
 + Level 0.8 Short Blades
 + Level 1.9 Dodging
 + Level 4.5 Stealth
 + Level 2.4 Spellcasting
 + Level 3.2 Hexes


You couldn't memorise any spells.
You knew the following spells:

 Your Spells              Type           Power        Failure   Level  Hunger
a - Corona                Hex            ##.....      8%          1    #......
b - Ensorcelled Hibernat  Hex/Ice        #.....       17%         2    ###....
c - Confuse               Hex            ##......     21%         3    ###....


Dungeon Overview and Level Annotations

Branches:
Dungeon (2/15)

Altars:

Annotations:
D:2 Jessica, Terence


Innate Abilities, Weirdness & Mutations

You have extremely sharp teeth.
Your natural rate of healing is unusually fast.
When hurt, damage is shared between your health and your magic reserves.
Your bite disrupts and absorbs the magic of your enemies.
Potions and wands cannot restore your health.
You are immune to rotting.


Message History

The bat hits the plant but does no damage. x2
Jessica mumbles some strange words.
Jessica blinks!
The bat hits the plant but does no damage.
The bat hits the plant but does no damage. x3
The bat hits the plant but does no damage.
The bat hits the plant.
Jessica points at you and mumbles some strange words.
Pain shoots through your body!
* * * LOW HITPOINT WARNING * * *
The bat hits the plant but does no damage.
You see here 2 scrolls of noise.
The bat hits the plant but does no damage. x3
The bat hits the plant but does no damage.
The bat hits the plant.
The bat hits the plant but does no damage.
Terence the Incautious comes into view.
He is wielding a flail.
Jessica points at you and mumbles some strange words.
Pain shoots through your body!
You die...

#....#..)...#
......###.....#
###....#......#
#.#...#.....#
#.##....#.#.######
#. #..........)..#
#..###.#.####.#
#..###.#.#
......#@#
........#
.@####.g# ##@.###
# ##..?..# ##.
##......#
PPPP##.......##.#
P≈PP≈...........#
≈≈≈PP........####


You could see Terence (wandering), Jessica and a hobgoblin.

Vanquished Creatures
  2 dart slugs (D:1)
  A giant gecko (D:1)
  5 bats (D:1)
  2 giant cockroaches (D:1)
  3 goblins (D:1)
  3 hobgoblins
  3 kobolds (D:1)
  A ball python (D:1)
  4 rats (D:1)
24 creatures vanquished.

Notes
Turn   | Place    | Note
--------------------------------------------------------------
     0 | D:1      | Kokiki the Vine Stalker Enchanter began the quest for the Orb.
     0 | D:1      | Reached XP level 1. HP: 9/9 MP: 4/4
    82 | D:1      | Reached skill level 4 in Stealth
    89 | D:1      | Reached XP level 2. HP: 13/13 MP: 6/6
    94 | D:1      | Learned a level 2 spell: Ensorcelled Hibernation
   534 | D:1      | Reached XP level 3. HP: 15/16 MP: 5/7
   736 | D:2      | Learned a level 3 spell: Confuse
   740 | D:2      | Noticed Jessica
   757 | D:2      | Noticed Terence
   757 | D:2      | Killed from afar by Jessica

Skill      XL: |  1 |
---------------+----+-----
Stealth        | 4 |  4.5
Fighting       | |  0.1
Short Blades   | |  0.8
Dodging        | |  1.9
Spellcasting   | |  2.4
Hexes          | |  3.2

Action                   || total
-------------------------++-------
Melee: Dagger            ||    86
       Bite              ||    17
 Cast: Ensorcelled Hiber ||     7
  Use: Scroll            ||     6
 Stab: Sleeping          ||     7
Armor: Robe              ||    38
Dodge: Dodged            ||    84
